 Dungeon Crawl Stone Soup version 0.27.1-1-g398f81649c (webtiles) character file.

Game seed: 8460973249285037601

1873 101zpm the Shield-Bearer (level 9, -1/55 HPs)
             Began as a Gargoyle Fighter on Sept 19, 2021.
             Slain by a manticore (11 damage)
             ... on level 6 of the Dungeon.
             The game lasted 00:12:56 (7235 turns).

101zpm the Shield-Bearer (Gargoyle Fighter)         Turns: 7235, Time: 00:12:56

Health: -1/55      AC:  7    Str: 22    XL:     9   Next: 14%
Magic:  9/9        EV: 11    Int: 10    God:
Gold:   275        SH: 10    Dex:  9    Spells: 8/8 levels left

rFire    . . .     SeeInvis .   A - +11 dagger of Quegh {vorpal, Stlth+}
rCold    . . .     Faith    .   c - +0 kite shield
rNeg     + + .     Spirit   .   (no armour)
rPois    ∞         Reflect  .   F - +0 helmet
rElec    +         Harm     .   (no cloak)
rCorr    .         Rampage  .   (no gloves)
Will     +....                  (no boots)
Stlth    ++........             o - amulet of the acrobat
HPRegen  0.18/turn              f - ring of willpower
MPRegen  0.11/turn              l - ring of positive energy

@: spiked
A: sickness immunity, AC +6, negative energy resistance 1, electricity
resistance, torment resistance 1, petrification resistance
a: no special abilities


You were on level 6 of the Dungeon.
You visited 2 branches of the dungeon, and saw 7 of its levels.

You collected 275 gold pieces.

Inventory:

Hand Weapons
 a - a +0 flail
 k - a +2 dagger of venom
 q - a +2 mace of protection
 A - the +11 dagger of Quegh (weapon) {vorpal, Stlth+}
   (You found it on level 5 of the Dungeon)

   It inflicts extra damage upon your enemies.
   Stlth:     It makes you more stealthy.
Missiles
 j - 334 stones
 p - 38 arrows
 z - 27 boomerangs (quivered)
 E - 4 silver javelins
Armour
 b - a +0 scale mail
 c - a +0 kite shield (worn)
 D - the +0 robe "Hiw Zed" {Slay+6}
   (You found it on level 5 of the Dungeon)

   Slay:      It affects your accuracy & damage with ranged weapons and melee
   (+6).
 F - a +0 helmet (worn)
Jewellery
 f - a ring of willpower (left hand)
 l - a ring of positive energy (right hand)
 o - an amulet of the acrobat (around neck)
 y - an amulet of magic regeneration
Wands
 r - a wand of flame (14)
Scrolls
 h - 2 scrolls of fear
 i - 2 scrolls of identify
 m - a scroll of holy word
 t - 5 scrolls of teleportation
 x - a scroll of torment
 B - a scroll of immolation
 G - a scroll of enchant weapon {unknown}
 H - a scroll of amnesia {unknown}
 I - 2 scrolls of fog {unknown}
Potions
 d - a potion of might
 e - a potion of brilliance {unknown}
 g - 2 potions of heal wounds
 n - a potion of degeneration {unknown}
 s - a potion of lignification {unknown}
 u - a potion of haste {unknown}
 v - 2 potions of curing
 w - 2 potions of flight {unknown}
 C - a potion of mutation {unknown}


   Skills:
 + Level 5.6 Fighting
 + Level 2.7 Short Blades
 + Level 5.3 Maces & Flails
 + Level 0.3 Throwing
 + Level 6.1 Armour
 + Level 3.4 Dodging
 + Level 1.3 Stealth
 + Level 7.2 Shields


You had 8 spell levels left.
You didn't know any spells.
Your spell library contained the following spells:

 Spells                   Type           Power      Damage    Failure   Level
 Magic Dart               Conj           0%         1d3       71%         1
 Searing Ray              Conj           0%         3d3       83%         2
 Call Canine Familiar     Summ           0%         N/A       97%         3
 Gell's Gravitas          Tloc           0%         N/A       97%         3
 Lesser Beckoning         Tloc           0%         N/A       97%         3
 Ozocubu's Armour         Ice            0%         N/A       97%         3
 Portal Projectile        Hex/Tloc       0%         N/A       97%         3
 Teleport Other           Tloc           0%         N/A       97%         3
 Fulminant Prism          Conj/Hex       0%         3d6       100%        4
 Leda's Liquefaction      Hex/Erth       0%         N/A       100%        4
 Ozocubu's Refrigeration  Ice            0%         4d5       100%        7


Dungeon Overview and Level Annotations

Branches:
Dungeon (6/15)             Temple (1/1) D:4

Altars:
Ashenzari
Cheibriados
Dithmenos
Elyvilon
Fedhas
Gozag
Nemelex Xobeh
Okawaru
Qazlal
Ru
Sif Muna
Trog
Uskayaw
Vehumet
Wu Jian
Zin

Shops:
D:2 *   D:5 *[***

Annotations:
D:2 Purgy
D:3 3 runed translucent doors, Jabberih's ghost, amateur OpTm
D:6 1 transporter, Name63's ghost, novice GnCj


Innate Abilities, Weirdness & Mutations

You are immune to sickness and miasma.
Your stone body is resilient. (AC +6)
You are immune to poison.
You resist negative energy. (rN+)
You are resistant to electric shocks. (rElec)
You are resistant to unholy torment.
You are immune to petrification.


Message History

You puncture the kobold brigand!
You kill the kobold brigand!
The manticore flicks its tail.
The volley of spikes hits you!
The barbed spikes become lodged in your body.
The barbs in your skin will harm you if you move.
Continue? [Y]es or [N]o only, please.
The barbs in your skin will harm you if you move.
Continue? [Y]es or [N]o only, please.
The barbs in your skin will harm you if you move.
Continue? [Y]es or [N]o only, please.
The barbs in your skin will harm you if you move.
Continue? [Y]es or [N]o only, please.
The barbs in your skin will harm you if you move.
Continue? [Y]es or [N]o only, please.
The barbs in your skin will harm you if you move.
Continue? [Y]es or [N]o only, please.
The barbs in your skin will harm you if you move.
Continue? [Y]es or [N]o only, please.
The barbs in your skin will harm you if you move.
Continue? [Y]es or [N]o only, please.
The barbs in your skin will harm you if you move.
Continue?
Okay, then.
The manticore flicks its tail.
Keep disrobing?
The volley of spikes misses you.
You start removing your armour.
You continue taking off the +0 robe "Hiw Zed" {Slay+6}. x3
The manticore bites you! The manticore closely misses you.
You block the manticore's attack.
You continue taking off the +0 robe "Hiw Zed" {Slay+6}.
You block the manticore's attack. The manticore claws you!
The manticore claws you but does no damage.
You finish taking off the +0 robe "Hiw Zed" {Slay+6}.
You puncture the manticore!
The manticore is moderately wounded.
You block the manticore's attack. The manticore claws you!
* * * LOW HITPOINT WARNING * * *
The manticore claws you!
You die...

# #. .# ## .#.
#H# ####@##
##.....#
#..##### #.##
#.# #.# #.# #.#
############.###


You could see a manticore.

Vanquished Creatures
  Menkaure (D:5)
  Duvessa (D:4)
  A necrophage (D:5)
  A black bear (D:5)
  An ogre (D:5)
  A sky beast (D:6)
  A phantom (D:5)
  2 kobold brigands
  4 scorpions
  Dowan (D:4)
  5 killer bees (D:5)
  2 howler monkeys
  A bullfrog zombie (D:6)
  An orc priest (D:6)
  A jelly (D:6)
  A bullfrog skeleton (D:6)
  An iguana (D:5)
  A scorpion zombie (D:5)
  2 orc wizards (D:3)
  A hound zombie (D:5)
  Robin (D:4)
  7 adders
  4 gnolls (D:5)
  A white imp (D:5)
  An ufetubus (D:5)
  An adder zombie (D:5)
  2 worms
  8 orcs
  8 endoplasms
  4 giant cockroaches
  26 goblins
  10 hobgoblins
  4 jackals (D:1)
  20 kobolds
  3 quokkas
  7 ball pythons
  6 bats
  2 frilled lizards
  6 rats
151 creatures vanquished.

Vanquished Creatures (others)
  6 plants (D:6)
6 creatures vanquished.

Grand Total: 157 creatures vanquished

Notes
Turn   | Place    | Note
-------+----------+-------------------------------------------
     0 | D:1      | 101zpm the Gargoyle Fighter began the quest for the Orb.
     0 | D:1      | Reached XP level 1. HP: 14/14 MP: 1/1
   180 | D:1      | Reached XP level 2. HP: 14/19 MP: 2/2
   893 | D:1      | Reached XP level 3. HP: 21/23 MP: 3/3
  2008 | D:2      | Reached XP level 4. HP: 28/28 MP: 4/4
  2113 | D:2      | Found Seruta Cagu's Assorted Antiques.
  2406 | D:3      | Noticed Purgy
  2731 | D:3      | Reached skill level 4 in Shields
  2743 | D:3      | Reached skill level 1 in Dodging
  2743 | D:3      | Reached XP level 5. HP: 28/32 MP: 5/5
  2831 | D:3      | Found a faded altar of an unknown god.
  2873 | D:3      | Found a broken altar of Ashenzari.
  2963 | D:3      | Found a runed translucent gate.
  2963 | D:3      | Found a runed translucent gate.
  2964 | D:3      | Found a runed translucent gate.
  2966 | D:3      | Noticed Jabberih's ghost (amateur OpTm)
  3879 | D:4      | Noticed Duvessa
  3879 | D:4      | Noticed Dowan
  3916 | D:4      | Killed Duvessa
  3917 | D:4      | Reached XP level 6. HP: 20/38 MP: 6/6
  3941 | D:4      | Killed Dowan
  3942 | D:4      | Reached skill level 5 in Shields
  4109 | D:4      | Found a staircase to the Ecumenical Temple.
  4189 | D:4      | Noticed Robin
  4251 | D:4      | Killed Robin
  5006 | Temple   | Entered the Ecumenical Temple
  5085 | D:5      | Entered Level 5 of the Dungeon
  5090 | D:5      | Found Rohap's Armour Shop.
  5128 | D:5      | Reached XP level 7. HP: 40/43 MP: 7/7
  5197 | D:5      | Found a snail-covered altar of Cheibriados.
  5261 | D:5      | Identified the +11 dagger of Quegh {vorpal, Stlth+}
  5478 | D:5      | Reached skill level 1 in Short Blades
  5478 | D:5      | Reached skill level 5 in Maces & Flails
  5556 | D:5      | Found Qicuofyu's General Store.
  5556 | D:5      | Found Venweh's General Store.
  5592 | D:5      | Found Jipoel's General Store.
  5607 | D:5      | Noticed Menkaure
  5615 | D:5      | Killed Menkaure
  5616 | D:5      | Reached skill level 5 in Armour
  5616 | D:5      | Reached skill level 1 in Stealth
  5616 | D:5      | Reached XP level 8. HP: 40/48 MP: 8/8
  5718 | D:5      | Found Fael's General Store.
  5744 | D:5      | Reached skill level 6 in Shields
  5901 | D:5      | Reached skill level 5 in Fighting
  6104 | D:5      | Identified the +0 robe "Hiw Zed" {Slay+6}
  6521 | D:5      | Reached XP level 9. HP: 23/54 MP: 9/9
  6767 | D:6      | Found a transporter.
  6787 | D:6      | Reached skill level 7 in Shields
  6993 | D:6      | Identified the +7 kite shield "Atiewn" {rN++ Int+4}
  7084 | D:6      | Noticed Name63's ghost (novice GnCj)
  7227 | D:6      | Noticed a manticore
  7235 | D:6      | Slain by a manticore

Illustrated notes

Levels and vault maps discovered:
D:1:      pf_arrival_petrified_forest, layout_loops_ring,
          hangedman_feature_mirror, feat_on_display
D:2:      cheibrodos_helix_gallery, layout_rooms, serial_shops, shop_statue,
          minmay_tripent
D:3:      layout_loops_ring, cheibrodos_ashenzari_chains,
          hellmonk_ecumenical_altar_crossroads, ebering_ghost_rock_garden,
          minmay_goblin_kobold_house, uniq_purgy
D:4:      kennysheep_the_goblin_king, layout_loops_ring,
          minmay_temple_entry_sparse_star, uniq_robin, uniq_duvessa
D:5:      layout_loops_ring, cheibriados_altar_1, serial_shops, shop_fountains,
          shop, shop, shop, shop, st_stairs_1, kennysheep_generic_room_5,
          uniq_menkaure
D:6:      minmay_cornered_nines, layout_loops_ring,
          gammafunk_ghost_gnarly_gnolls
Temple:   eino_temple_lava

Skill      XL: |  1  2  3  4  5  6  7  8  9 |
---------------+----------------------------+-----
Armour         | 4 5 6 |  6.1
Shields        | 4 5 6 7 |  7.2
Dodging        | 1 2 3 |  3.4
Maces & Flails | 3 4 5 |  5.3
Fighting       | 4 5 |  5.6
Short Blades   | 1 2 |  2.7
Stealth        | 1 |  1.3
Throwing       | |  0.3

Action                   |  1- 3 |  4- 6 |  7- 9 || total
-------------------------+-------+-------+-------++-------
Melee: Flail             |   101 |       |       ||   101
       Dagger            |    35 |    65 |   143 ||   243
       Mace              |       |   186 |     8 ||   194
Throw: Stone             |       |    10 |       ||    10
  Use: Scroll            |       |       |     7 ||     7
 Stab: Sleeping          |       |       |     2 ||     2
Armor: Scale mail        |    77 |   168 |    64 ||   309
       Robe              |       |       |    35 ||    35
Dodge: Dodged            |    50 |   107 |    65 ||   222
Block: Kite shield       |    82 |   181 |   115 ||   378
